 Dungeon Crawl Stone Soup version 0.29-a0-925-g0a7a3d12f8 (webtiles) character file.

Game seed: 2041343931732626224

23737 Pooter the Cleaver (level 12, -27/113 HPs)
             Began as a Minotaur Berserker on July 28, 2022.
             Was a Priest of Trog.
             Annihilated by Rupert
             ... wielding a +1 triple sword of protection
              (33 damage)
             ... on level 3 of the Lair of Beasts.
             The game lasted 01:20:49 (17625 turns).

Pooter the Cleaver (Minotaur Berserker)            Turns: 17625, Time: 01:20:50

Health: -27/113    AC: 19    Str: 24    XL:     12   Next: 74%
Magic:  11/11      EV: 11    Int:  6    God:    Trog [***...]
Gold:   697        SH:  0    Dex: 11    Spells: 11/11 levels left

rFire   . . .      SeeInvis .   a - +4 halberd (freeze)
rCold   . . .      Faith    .   (shield currently unavailable)
rNeg    . . .      Spirit   .   J - +1 plate armour
rPois   .          Reflect  .   (helmet restricted)
rElec   .          Harm     .   X - +0 cloak {Stlth+}
rCorr   .          Rampage  .   U - +0 pair of gloves
Will    ++...                   r - +0 pair of boots
Stlth   ..........              q - amulet of the acrobat
HPRegen 1.28/turn               c - +4 ring of evasion
MPRegen 0.12/turn               Z - +4 ring of protection

@: mighty, silenced, strong-willed, regenerating
A: horns 2, retaliatory headbutt
a: Renounce Religion


You were on level 3 of the Lair of Beasts.
You worshipped Trog.
Trog was most pleased with you.
You visited 2 branches of the dungeon, and saw 13 of its levels.
You also visited: Sewer and Ossuary.

You collected 960 gold pieces.
You spent 263 gold pieces at shops.

Inventory:

Hand Weapons
 a - a +4 halberd of freezing (weapon)
   (You took it off a wight on level 8 of the Dungeon)
 b - a +0 shortbow
   (You took it off a centaur on level 6 of the Dungeon)
 g - a +0 demon whip of venom
   (You took it off Amaemon on level 8 of the Dungeon)
 v - a +0 battleaxe
   (You took it off an orc warrior on level 6 of the Dungeon)
 G - the +7 spear "Tucvur" {freeze, rPois rN+ Str+4 Int+2}
   (You found it on level 9 of the Dungeon)

   It freezes those it strikes, dealing additional cold damage.
   It can also slow down cold-blooded creatures.
   Str:       It affects your strength (+4).
   Int:       It affects your intelligence (+2).
   rPois:     It protects you from poison.
   rN:        It protects you from negative energy.
 H - the +2 mace of Lies {flame, rN++ Str+3 Int-5 Dex+3}
   (You found it on level 6 of the Dungeon)

   It burns those it strikes, dealing additional fire damage.
   Str:       It affects your strength (+3).
   Int:       It affects your intelligence (-5).
   Dex:       It affects your dexterity (+3).
   rN:        It greatly protects you from negative energy.
Missiles
 i - a boomerang of dispersal {!f}
 j - 2 throwing nets {!f}
 m - 9 boomerangs (quivered)
 D - a curare-tipped dart
 E - 19 poisoned darts
 N - 5 silver boomerangs
 Q - 56 stones
Armour
 r - a +0 pair of boots (worn)
   (You found it on level 3 of the Dungeon)
 y - a +0 tower shield
   (You found it on level 2 of the Dungeon)
 J - a +1 plate armour (worn)
   (You found it on level 6 of the Dungeon)
 U - a +0 pair of gloves (worn)
   (You found it on level 8 of the Dungeon)
 X - a +0 cloak of stealth (worn)
   (You found it on level 1 of the Lair of Beasts)
Jewellery
 c - a +4 ring of evasion (left hand)
   (You found it on level 7 of the Dungeon)
 q - an amulet of the acrobat (around neck)
   (You found it on level 3 of the Dungeon)
 w - the ring "Emacynli" {Fly Dex+2}
   (You acquired it on level 4 of the Dungeon)

   [ring of flight]

   Dex:       It affects your dexterity (+2).
   Fly:       It grants you flight.
 C - a ring of resist corrosion
   (You found it on level 8 of the Dungeon)
 I - a ring of protection from cold
   (You found it on level 4 of the Dungeon)
 K - a ring of fire
   (You found it on level 1 of the Lair of Beasts)
 P - a ring of poison resistance
   (You found it on level 2 of the Lair of Beasts)
 R - a +6 ring of dexterity
   (You found it on level 7 of the Dungeon)
 V - a ring of willpower
   (You took it off a centaur on level 9 of the Dungeon)
 Z - a +4 ring of protection (right hand)
   (You found it on level 5 of the Dungeon)
Wands
 f - a wand of flame (12)
   (You found it on level 10 of the Dungeon)
 h - a wand of light (1)
   (You found it on level 3 of the Lair of Beasts)
 L - a wand of roots (7)
   (You found it on level 6 of the Dungeon)
Scrolls
 e - 2 scrolls of butterflies
 p - a scroll of poison {!r}
 t - 7 scrolls of teleportation {@r4}
 u - 4 scrolls of fear
 z - 2 scrolls of immolation {!r}
 A - 6 scrolls of noise {!r}
 B - a scroll of blinking
 M - 2 scrolls of magic mapping
 T - a scroll of summoning
 Y - a scroll of silence
Potions
 d - 6 potions of curing {@q1}
 k - 3 potions of heal wounds {@q2}
 l - 4 potions of attraction {!q}
 n - 5 potions of lignification {!q}
 o - a potion of haste {unknown}
 s - 3 potions of ambrosia
 x - a potion of invisibility {unknown}
 F - 3 potions of flight
 O - 3 potions of might
 S - a potion of mutation {unknown}
 W - a potion of resistance {unknown}


   Skills:
 + Level 12.3 Fighting
 - Level 13.7(14.5) Axes
 * Level 8.3(12.0) Polearms
 * Level 12.0 Ranged Weapons
 - Level 2.4 Armour
 - Level 2.1 Dodging
 - Level 7.4 Stealth
 + Level 3.5 Evocations


You had 11 spell levels left.
You didn't know any spells.
Your spell library was empty.

Dungeon Overview and Level Annotations

Branches:
Dungeon (10/15)            Temple (0/1) D:4            Lair (3/5) D:10
 Shoals (0/4) Lair:2        Sewer (visited)         Ossuary (visited)
  Snake: Lair:2-3    Spider: Lair:2-3       Orc: D:9-12

Altars:
Dithmenos
Gozag
Makhleb
Nemelex Xobeh
Qazlal
Ru
Trog
Zin

Shops:
D:6 *

Annotations:
Lair:3 Rupert


Innate Abilities, Weirdness & Mutations

You have a pair of horns on your head.
You reflexively headbutt those who attack you in melee.


Message History

Your Ranged Weapons skill increases to level 12!
You puncture the yak! You freeze the yak.
You kill the yak!
Trog accepts your kill. The yak closely misses you.
You puncture the yak! You freeze the yak. Your headbutt misses the yak.
The yak barely misses you. You furiously retaliate!
You headbutt the yak! You closely miss the yak.
You headbutt the yak, but do no damage. The yak barely misses you.
You barely miss the yak. You headbutt the yak. The yak gores you.
You puncture the yak! You freeze the yak.
You kill the yak!
Trog accepts your kill.
You see here a yak corpse.
Found a scroll of blinking.
Rupert the Wild comes into view.
He is wielding a +1 triple sword of protection.
Found a potion of flight.
Found a stone staircase leading down.
Rupert shouts!
Rupert roars wildly at you.
You struggle to resist.
Rupert roars wildly at you.
You suddenly lose the ability to move!
Rupert roars madly and goes into a rage!
Rupert goes berserk!
You can move again.
Okay, then.
Your skin crawls.
You feel strong-willed.
As you read the scroll of silence, it crumbles to dust.
A profound silence engulfs you.
Rupert hits you with a +1 triple sword of protection!
You feel very mighty all of a sudden.
Rupert hits you with a +1 triple sword of protection!!
Rupert barely misses you.
You hit Rupert but do no damage. Your headbutt misses Rupert.
Rupert misses you. You furiously retaliate!
You headbutt Rupert! You hit Rupert. You freeze Rupert. You headbutt Rupert!
Rupert hits you with a +1 triple sword of protection!!
Rupert hits you with a +1 triple sword of protection!
* * * LOW HITPOINT WARNING * * *
You impale Rupert!! You freeze Rupert. Rupert barely misses you.
You furiously retaliate!
You headbutt Rupert! You puncture Rupert! You freeze Rupert.
You headbutt Rupert.
Rupert hits you with a +1 triple sword of protection!!
* * * LOW HITPOINT WARNING * * *
You impale Rupert!! You freeze Rupert!
Rupert hits you with a +1 triple sword of protection!!
* * * LOW HITPOINT WARNING * * *
Rupert hits you with a +1 triple sword of protection!!
You die...

.... .... ........... ....
.......... .... ...?.... #
#.....# # #.....# # #....#
# ##@...## # ## ####@.....#
##.# #####.###....##
####.####.##P..##.....###
..........................
..........................
..........................>
...........†...............
#.##.#.#####.###.#.#######!
######## ### #####


You could see Rupert (berserk).

Vanquished Creatures
  A hydra (Lair:2)
  A two-headed ogre (D:9)
  Amaemon (D:8)
  A lindwurm (Lair:2)
  Pikel (D:9)
  2 oklob plants
  An ugly thing (D:9)
  A cyclops (D:9)
  Maurice (D:9)
  2 black mambas (Lair:2)
  An orange demon (D:8)
  9 cane toads
  A rime drake (Lair:2)
  2 komodo dragons
  A troll (D:10)
  2 polar bears (Lair:2)
  A merfolk (Lair:2)
  A vampire (D:10)
  A wyvern (D:10)
  A shadow (D:10)
  25 yaks
  A wraith (D:10)
  2 unseen horror simulacra (D:9)
  4 vampire mosquitoes (D:10)
  5 basilisks
  2 steam dragons (D:9)
  Menkaure (D:6)
  3 acid dragons
  10 water moccasins
  A sky beast (D:6)
  An ice beast (D:9)
  A black bear (D:5)
  An orc warrior (D:6)
  31 wolves
  An ogre (D:5)
  4 centaurs
  2 lemures (D:9)
  3 kobold brigands
  14 bullfrogs
  A scorpion (D:4)
  8 wights (D:8)
  11 killer bees
  3 electric eels
  A howler monkey (D:6)
  2 centaur zombies (Ossuary)
  A human zombie (Ossuary)
  6 jellies
  5 hounds
  Crazy Yiuf (D:2)
  6 orc priests
  2 iguanas (D:5)
  9 orc wizards
  A centaur simulacrum (D:9)
  4 mummies (Ossuary)
  8 gnolls
  5 adders
  2 river rats
  A shadow imp (D:8)
  4 white imps
  3 ufetubi
  3 worms
  4 dart slugs
  20 orcs
  3 bats (D:1)
  9 endoplasms
  3 giant cockroaches
  2 gnoll zombies (Ossuary)
  5 goblins
  6 hobgoblins
  3 jackals (Sewer)
  5 quokkas
  10 ball pythons
  4 frilled lizards
  A goblin zombie (Ossuary)
  16 kobolds
  2 orc zombies (Ossuary)
  10 rats
  2 rat zombies (D:4)
336 creatures vanquished.

Vanquished Creatures (others)
  A wizard (D:5)
  A briar patch (Lair:1)
  10 fungi
  34 plants
  4 toadstools (D:8)
50 creatures vanquished.

Grand Total: 386 creatures vanquished

Notes
Turn   | Place    | Note
-------+----------+-------------------------------------------
     0 | D:1      | Pooter the Minotaur Berserker began the quest for the Orb.
     0 | D:1      | Reached XP level 1. HP: 19/19 MP: 0/0
    10 | D:1      | Found a faded altar of an unknown god.
   135 | D:1      | Reached XP level 2. HP: 24/27 MP: 1/1
   366 | D:1      | Reached skill level 4 in Axes
   366 | D:1      | Reached skill level 1 in Stealth
   396 | D:1      | Reached XP level 3. HP: 34/34 MP: 2/2
  1055 | D:2      | Reached XP level 4. HP: 16/41 MP: 3/3
  1056 | D:2      | Reached ** piety under Trog
  1181 | D:2      | Reached skill level 5 in Fighting
  1718 | D:2      | Found a sparkling altar of Nemelex Xobeh.
  1796 | D:2      | Identified the +0 leather armour "Rarissol" {MP+9}
  2122 | D:2      | Found a runed translucent door.
  2123 | D:2      | Noticed Crazy Yiuf
  2130 | D:2      | Killed Crazy Yiuf
  3010 | D:3      | Reached XP level 5. HP: 48/48 MP: 4/4
  3625 | D:4      | Found a sand-covered staircase.
  3632 | Ossuary  | Entered an ossuary
  3674 | Ossuary  | Reached skill level 5 in Axes
  3688 | Ossuary  | Reached XP level 6. HP: 50/58 MP: 5/5
  4074 | D:4      | Identified a scroll of acquirement
  4075 | D:4      | Acquired the ring "Emacynli" {Fly Dex+2}
  4527 | D:4      | Found a staircase to the Ecumenical Temple.
  4557 | D:4      | Reached XP level 7. HP: 66/66 MP: 6/6
  4660 | D:4      | Reached skill level 1 in Polearms
  4984 | D:5      | Entered Level 5 of the Dungeon
  5149 | D:5      | Found a glowing drain.
  5159 | Sewer    | Entered a sewer
  5205 | Sewer    | Reached *** piety under Trog
  5216 | Sewer    | Reached skill level 6 in Axes
  5268 | Sewer    | Found a white marble altar of Elyvilon.
  5361 | D:5      | Found a bloodstained altar of Trog.
  5362 | D:5      | Noticed a wizard
  5367 | D:5      | Killed a wizard
  6499 | D:5      | Reached XP level 8. HP: 48/74 MP: 7/7
  6697 | D:5      | Found a sacrificial altar of Ru.
  6697 | D:5      | Found a sparkling altar of Nemelex Xobeh.
  6713 | D:5      | Found a burning altar of Makhleb.
  6716 | D:5      | Found an opulent altar of Gozag.
  6718 | D:5      | Found a stormy altar of Qazlal.
  6723 | D:5      | Found a glowing silver altar of Zin.
  7057 | D:6      | Identified the +2 mace of Lies {flame, rN++ Str+3 Int-5
                  | Dex+3}
  7100 | D:6      | Reached skill level 5 in Polearms
  7175 | D:6      | Reached skill level 7 in Axes
  7832 | D:6      | Found a shadowy altar of Dithmenos.
  7842 | D:6      | Reached skill level 1 in Ranged Weapons
  7969 | D:6      | Found Uhofix's General Store.
  7999 | D:6      | Bought 4 poisoned darts for 17 gold pieces
  7999 | D:6      | Bought a scroll of magic mapping for 82 gold pieces
  7999 | D:6      | Bought 5 silver boomerangs for 82 gold pieces
  7999 | D:6      | Bought a scroll of enchant armour for 82 gold pieces
  8013 | D:6      | Noticed Menkaure
  8019 | D:6      | Killed Menkaure
  8020 | D:6      | Reached XP level 9. HP: 65/82 MP: 8/8
  8571 | D:7      | Reached skill level 8 in Axes
  9726 | D:8      | Noticed an orange demon
  9727 | D:8      | Noticed Amaemon
  9734 | D:8      | Killed Amaemon
  9735 | D:8      | Reached skill level 9 in Axes
  9735 | D:8      | Reached skill level 5 in Stealth
  9740 | D:8      | Killed an orange demon
  9741 | D:8      | Reached skill level 5 in Ranged Weapons
 10643 | D:9      | Reached XP level 10. HP: 91/91 MP: 9/9
 10646 | D:9      | Reached skill level 10 in Axes
 10880 | D:9      | Noticed a two-headed ogre
 10889 | D:9      | Killed a two-headed ogre
 10890 | D:9      | Reached skill level 10 in Fighting
 10893 | D:9      | Noticed a cyan ugly thing
 10902 | D:9      | Killed a cyan ugly thing
 10903 | D:9      | Reached skill level 11 in Axes
 11317 | D:9      | Noticed Pikel
 11328 | D:9      | Killed Pikel
 11427 | D:9      | Identified the +7 spear "Tucvur" {freeze, rPois rN+ Str+4
                  | Int+2}
 11514 | D:9      | Noticed a cyclops
 11522 | D:9      | Killed a cyclops
 11893 | D:9      | Noticed Maurice
 11912 | D:9      | Reached XP level 11. HP: 71/101 MP: 10/10
 11938 | D:9      | Killed Maurice
 12390 | D:10     | Entered Level 10 of the Dungeon
 12670 | D:10     | Reached skill level 12 in Axes
 13105 | D:10     | Noticed an oklob plant
 13284 | D:10     | Found a staircase to the Lair.
 13291 | D:10     | Killed an oklob plant
 13874 | Lair:1   | Entered Level 1 of the Lair of Beasts
 14030 | Lair:1   | Reached skill level 13 in Axes
 14032 | Lair:1   | Reached skill level 10 in Ranged Weapons
 14456 | Lair:1   | Found a transporter.
 14474 | Lair:1   | Found a transporter.
 15271 | Lair:2   | Noticed a seven-headed hydra
 15283 | Lair:2   | Killed a seven-headed hydra
 15284 | Lair:2   | Reached skill level 1 in Evocations
 15470 | Lair:2   | Reached XP level 12. HP: 46/110 MP: 11/11
 15768 | Lair:2   | Found a sparkling altar of Nemelex Xobeh.
 16087 | Lair:2   | Found a staircase to the Shoals.
 17611 | Lair:3   | Noticed Rupert
 17614 | Lair:3   | Paralysed by Rupert for 4 turns
 17625 | Lair:3   | Annihilated by Rupert

Illustrated notes

Levels and vault maps discovered:
D:1:      dpeg_arrival_stonehenge_12_columns, layout_rooms,
          serial_co_window_serial, co_window_corner_a, co_window_corner_a,
          co_window_paths_a, co_window_paths_a, co_window_paths_b,
          co_window_2corner, co_window_unsneaky_path_e,
          co_window_unsneaky_path_d, co_window_corner_ca, co_window_corner_cb,
          co_window_cross_2, glass_columns_c, glass_columns_b, glass_columns_a,
          glass_columns_a, ebering_ecumenical_altar_mist
D:2:      layout_rooms, basic_altar, patterned_corridor, uniq_crazy_yiuf_cottage
D:3:      layout_basic, minmay_misc_feat_rugged
D:4:      layout_basic, minmay_temple_entry_proselytizer, enter_ossuary_4,
          chequers_jeans, grunt_decor_mini_mirrors, nrook_campfire, st_stairs_9
D:5:      layout_loops_corners, nicolae_overflow_hallway_of_the_gods,
          trog_wizard, gup_sewer_entry_bubbles
D:6:      layout_loops_ring, nicolae_dithmenos_the_darkroom, serial_shops,
          nicolae_shop_window_shopping, kb_lookout_dungeons_type, uniq_menkaure
D:7:      layout_basic, st_stairs_14
D:8:      layout_basic, minmay_gold_behind_fungi, uniq_amaemon
D:9:      layout_roguey, serial_ice, serial_ice_n, serial_ice_b, serial_ice_c,
          serial_ice_h, serial_ice_o, serial_ice_l, nicolae_benzene_ring,
          chequers_arboretum, eino_small_chamber_without_monster,
          kennysheep_just_a_vault, uniq_pikel, uniq_maurice
D:10:     layout_irregular_city, dpeg_oklobed_lair, serial_bayou_lagoon_a
Lair:1:   gammafunk_worm_tunnel, layout_cave_pods, grunt_forest_large_clearings
Lair:2:   nzn_winding_woodlands_medium [nzn_winding_woodlands_5x5_closed_star,
          nzn_winding_woodlands_5x15_concentric,
          nzn_winding_woodlands_5x5_checkerboard,
          nzn_winding_woodlands_5x5_three,
          nzn_winding_woodlands_center_pierced_h,
          nzn_winding_woodlands_5x5_cross, nzn_winding_woodlands_5x5_open_star,
          nzn_winding_woodlands_5x15_lazy_stream,
          nzn_winding_woodlands_5x5_perimeter], layout_gridlike,
          elwin_shoals_entry_rooms, lemuel_oklob_altar
Lair:3:   layout_long_grid, nicolae_spider_entry_orb_guardian, serial_forest,
          infiniplex_forest_clump_tiny, infiniplex_forest_straight_4,
          infiniplex_forest_clump_cross, infiniplex_forest_clump_small,
          infiniplex_forest_lined_room_2, infiniplex_forest_clump_curved,
          uniq_rupert

Skill      XL: |  1  2  3  4  5  6  7  8  9 10 11 12 |
---------------+-------------------------------------+-----
Fighting       | 4 5 6 7 8 9 10 11 12 | 12.3
Axes           | 4 5 6 7 9 11 13 | 13.7
Stealth        | 1 2 3 4 5 6 7 |  7.4
Polearms       | 4 5 8 |  8.3
Ranged Weapons | 2 5 8 10 12 | 12.0
Evocations     | 1 3 |  3.5
Armour         | |  2.4
Dodging        | |  2.1

Action                   |  1- 3 |  4- 6 |  7- 9 | 10-12 || total
-------------------------+-------+-------+-------+-------++-------
Melee: Hand axe          |    45 |       |       |       ||    45
       Headbutt          |     8 |    21 |    46 |    89 ||   164
       Punch             |     1 |       |       |     1 ||     2
       Halberd           |    10 |    69 |       |    71 ||   150
       Glaive            |       |    87 |   138 |       ||   225
       Battleaxe         |       |       |    86 |   315 ||   401
       Mace              |       |       |    21 |       ||    21
       Spear             |       |       |       |    17 ||    17
 Fire: Shortbow          |       |       |    28 |    18 ||    46
Throw: Stone             |     1 |     6 |    10 |       ||    17
       Boomerang         |       |       |     3 |    17 ||    20
Invok: Berserk           |     1 |     3 |     7 |    12 ||    23
       Trog's Hand       |       |     1 |    12 |    24 ||    37
Evoke: Wand              |       |       |     2 |     4 ||     6
  Use: Scroll            |       |     6 |     9 |     9 ||    24
       Potion            |       |       |       |     9 ||     9
 Stab: Sleeping          |     3 |    11 |       |       ||    14
Armor: Animal skin       |     6 |     6 |       |       ||    12
       Leather armour    |       |    37 |       |       ||    37
       Chain mail        |       |       |    79 |       ||    79
       Plate armour      |       |       |   114 |   312 ||   426
Dodge: Dodged            |    33 |    91 |   134 |   293 ||   551

Table legend: (Time is in decaauts)
 A = Elapsed time spent in this place.
 B = Non-inter-level travel time spent in this place.
 C = Inter-level travel time spent in this place.
 D = Time resting spent in this place.
 E = Time spent auto-exploring this place.
 F = Levels seen in this place.
 G = Mean time per level.
                   A        B        C        D        E       F      G
               +--------+--------+--------+--------+--------+-----+--------+
         Total |  18001 |  17668 |    333 |   4595 |  10079 |  15 | 1200.1 |
       Dungeon |  13581 |  13267 |    314 |   3413 |   7749 |  10 | 1358.1 |
          Lair |   3799 |   3780 |     19 |   1119 |   2116 |   3 | 1266.3 |
         Sewer |    169 |    169 |      0 |      0 |     79 |   1 |  169.0 |
       Ossuary |    451 |    451 |      0 |     63 |    134 |   1 |  451.0 |
               +--------+--------+--------+--------+--------+-----+--------+

Top non-repeatable levels by time:
  Lair:2: 2245 daAuts
     D:5: 1935 daAuts
     D:9: 1812 daAuts
     D:6: 1559 daAuts
    D:10: 1516 daAuts
  Lair:1: 1374 daAuts
     D:2: 1358 daAuts
     D:4: 1323 daAuts
     D:8: 1055 daAuts
     D:7: 1045 daAuts
     D:3: 1006 daAuts
     D:1: 967 daAuts
 Ossuary: 451 daAuts
  Lair:3: 179 daAuts
   Sewer: 169 daAuts
